 Dungeon Crawl Stone Soup version 0.24.0-13-gcf9b319 (webtiles) character file.

Game seed: 14345488683681764994, levelgen mode: deterministic

133 Fang the Skirmisher (level 5, -7/33 HPs)
             Began as a Gargoyle Berserker on Dec 13, 2019.
             Was a Believer of Trog.
             Killed from afar by an orc wizard (8 damage)
             ... with a magic dart
             ... on level 3 of the Dungeon.
             The game lasted 00:01:24 (1820 turns).

Fang the Skirmisher (Gargoyle Berserker)            Turns: 1820, Time: 00:01:25

Health: -7/33      AC:  6    Str: 22    XL:     5   Next: 16%
Magic:  0/5        EV: 12    Int:  7    God:    Trog [**....]
Gold:   62         SH:  0    Dex:  9    Spells: 4/4 levels left

rFire    + . .     SeeInvis .   a - +0 hand axe
rCold    + . .     Gourm    .   (no shield)
rNeg     + . .     Faith    .   b - +0 animal skin
rPois    ∞         Spirit   +   (no helmet)
rElec    +         Reflect  .   d - scarf {rC+ rF+}
rCorr    .         Harm     .   (no gloves)
MR       .....                  (no boots)
Stlth    +.........             l - amulet of guardian spirit
HPRegen  0.11/turn              (no ring)
MPRegen  0.09/turn              (no ring)

@: berserk cooldown, slowed, very slow
A: negative energy resistance 1, electricity resistance, unbreathing,
petrification resistance, rot immunity, AC +4
a: Berserk, Trog's Hand, Renounce Religion


You were on level 3 of the Dungeon.
You worshipped Trog.
Trog was pleased with you.
You were very hungry.

You visited 1 branch of the dungeon, and saw 3 of its levels.

You collected 62 gold pieces.

Inventory:

Hand Weapons
 a - a +0 hand axe (weapon)
Armour
 b - a +0 animal skin (worn)
 d - a scarf of resistance (worn)
Jewellery
 l - an amulet of guardian spirit (around neck)
 t - an uncursed ring of protection from magic {unknown}
Scrolls
 e - 4 scrolls of identify {unknown}
 g - 2 scrolls of remove curse {unknown}
 h - 2 scrolls of amnesia {unknown}
 m - a scroll of immolation {unknown}
 q - 2 scrolls of teleportation {unknown}
 r - a scroll of blinking {unknown}
 s - a scroll of noise {unknown}
Potions
 f - a potion of brilliance {unknown}
 j - 2 potions of curing {unknown}
 k - a potion of cancellation {unknown}
 n - a potion of might {unknown}
 o - a potion of haste {unknown}
 p - a potion of resistance {unknown}
Comestibles
 c - 4 rations


   Skills:
 + Level 4.2 Fighting
 + Level 3.4 Axes
 + Level 3.3 Armour
 + Level 2.4 Dodging


You had 4 spell levels left.
You didn't know any spells.
Your spell library was empty.

Dungeon Overview and Level Annotations

Branches:
Dungeon (3/15)

Altars:
Ashenzari
Cheibriados
Fedhas
Ru
Wu Jian
Xom
The Shining One


Innate Abilities, Weirdness & Mutations

You are resistant to torment.
Your stone body is resilient. (AC +4)
You are immune to poison.
You resist negative energy. (rN+)
You are resistant to electric shocks. (rElec)
You can survive without breathing.
You are immune to petrification.
You are immune to rotting.


Message History

The magic dart hits you.
* * * LOW HITPOINT WARNING * * *
You barely miss the orc wizard.
The orc wizard is moderately wounded.
The orc wizard hits you but does no damage.
The orc throws a boomerang.
The boomerang misses you.
The weapon returns to the orc!
The orc wizard barely misses you.
The orc throws a boomerang.
The boomerang barely misses you.
The weapon returns to the orc!
The orc wizard mumbles some strange words.
The orc wizard blinks!
You swing at nothing.
The orc throws a boomerang.
The boomerang closely misses you.
The weapon returns to the orc!
The orc throws a boomerang.
The boomerang hits you.
* * * LOW HITPOINT WARNING * * *
The weapon returns to the orc!
You hit the orc wizard but do no damage.
The orc wizard gestures at you while chanting.
The magic dart hits you!
You die...

# .# .. ## #. .##..
...#.#########.....
#.%.....#.o....#
#......)'......+
#.....@[#......#
#....o..#......#
#.......#......#.#
#.......##..)....#
#.......##.#######
#..[....##.......#.#
################.#.#
# #######.#.#. #
##.......#.#. .


You could see an orc wizard and an orc.

Vanquished Creatures
  An orc priest (D:3)
  An orc wizard (D:3)
  3 oozes (D:1)
  2 dart slugs
  A leopard gecko (D:1)
  3 orcs (D:3)
  2 giant cockroaches
  4 hobgoblins
  7 jackals
  A ball python (D:2)
  5 bats (D:1)
  2 frilled lizards
  12 goblins
  3 kobolds
  4 rats
51 creatures vanquished.

Notes
Turn   | Place    | Note
-------+----------+-------------------------------------------
     0 | D:1      | Fang the Gargoyle Berserker began the quest for the Orb.
     0 | D:1      | Reached XP level 1. HP: 14/14 MP: 1/1
    32 | D:1      | Reached XP level 2. HP: 8/19 MP: 2/2
   255 | D:1      | Found a shattered altar of Ashenzari.
   365 | D:1      | Reached XP level 3. HP: 21/23 MP: 0/3
   999 | D:2      | Found a sacrificial altar of Ru.
  1000 | D:2      | Found a snail-covered altar of Cheibriados.
  1088 | D:2      | Found a blossoming altar of Fedhas.
  1093 | D:2      | Found an ornate altar of the Wu Jian Council.
  1093 | D:2      | Found a shattered altar of Ashenzari.
  1094 | D:2      | Found a shimmering altar of Xom.
  1094 | D:2      | Found a glowing golden altar of the Shining One.
  1189 | D:2      | Reached XP level 4. HP: 26/29 MP: 4/4
  1304 | D:2      | Reached ** piety under Trog
  1805 | D:3      | Reached skill level 4 in Fighting
  1809 | D:3      | Reached XP level 5. HP: 19/33 MP: 2/5
  1819 | D:3      | HP: 1/33 [orc/boomerang (4)]
  1820 | D:3      | Killed from afar by an orc wizard

Levels and vault maps discovered:
D:1:      dpeg_arrival_chase, layout_basic, minmay_misc_feat_roman,
          ashenzari_altar_1
D:2:      layout_loops_corners, gammafunk_temple_overflow_statue,
          grunt_temple_overflow_open, first_ration
D:3:      layout_basic, hangedman_feature_mirror, uniq_grinder, uniq_natasha

Skill      XL: |  1  2  3  4 |
---------------+-------------+-----
Axes           | 3 |  3.4
Dodging        | 2 |  2.4
Armour         | 3 |  3.3
Fighting       | 4 |  4.2

Action                   |  1- 3 |  4- 6 || total
-------------------------+-------+-------++-------
Melee: Hand axe          |   106 |    36 ||   142
Invok: Berserk           |       |     1 ||     1
  Eat: Chunk             |     1 |     2 ||     3
Armor: Animal skin       |    66 |    16 ||    82
Dodge: Dodged            |    92 |    34 ||   126
